 Dungeon Crawl Stone Soup version 0.21.1-1-g345015fe64 (webtiles) character file.

4050 LevaFresel the Slinger (level 10, -3/66 HPs)
             Began as a Halfling Hunter on June 7, 2018.
             Killed from afar by Erica (21 damage)
             ... with an orb of energy
             ... on level 8 of the Dungeon.
             The game lasted 00:56:39 (9329 turns).

LevaFresel the Slinger (Halfling Hunter)            Turns: 9329, Time: 00:56:40

Health: -3/66      AC: 15    Str: 16    XL:     10   Next: 48%
Magic:  13/13      EV: 12    Int:  9    God:
Gold:   451        SH:  8    Dex: 16    Spells: 9/9 levels left

rFire    . . .     SeeInvis .   b - +1 rapier (speed)
rCold    . . .     Gourm    .   p - +2 buckler {rPois}
rNeg     + . .     Faith    .   r - +0 chain mail
rPois    +         Spirit   .   c - +2 helmet
rElec    .         Reflect  .   K - +0 cloak
rCorr    +         Harm     .   u - +0 pair of gloves
MR       .....                  (no boots)
Stlth    ..........             (no amulet)
HPRegen  0.21/turn              C - ring of positive energy
MPRegen  0.13/turn              k - ring of resist corrosion

@: no status effects
A: small, mutation resistance 1
a: no special abilities


You were on level 8 of the Dungeon.
You were not hungry.

You visited 2 branches of the dungeon, and saw 9 of its levels.
You also visited: Ossuary.

You collected 451 gold pieces.

Inventory:

Hand Weapons
 a - a +2 hunting sling
 b - a +1 rapier of speed (weapon)
 s - the +7 great sword of Akhon {drain, rPois Str+3, unknown}
   (You found it on level 7 of the Dungeon)

   A truly terrible weapon, it drains the life of those it strikes.
   It affects your strength (+3).
   It protects you from poison.
 G - a +1 short sword of draining
 M - a +2 vampiric falchion
 P - a +2 whip of flaming
Missiles
 d - 49 sling bullets
 e - 258 stones (quivered)
Armour
 c - a +2 helmet (worn)
 p - a +2 buckler of poison resistance (worn)
 r - a +0 chain mail (worn)
 u - a +0 pair of gloves (worn)
 K - a +0 cloak (worn)
Jewellery
 k - a ring of resist corrosion (right hand)
 C - a ring of positive energy (left hand)
Wands
 v - a wand of random effects (29)
 D - a wand of iceblast (10)
 I - a wand of digging (13)
 J - a wand of polymorph (7)
Scrolls
 h - a scroll of teleportation
 w - 4 scrolls of amnesia
 x - 3 scrolls of magic mapping
 y - 4 scrolls of enchant weapon
 z - a scroll of fog
 H - 2 scrolls of remove curse
 L - a scroll of identify
Potions
 g - a potion of might {unknown}
 i - 2 potions of resistance
 j - 2 potions of degeneration {unknown}
 l - 3 potions of curing
 m - 4 potions of flight
 n - a potion of berserk rage {unknown}
 o - 2 potions of heal wounds {unknown}
 q - a potion of cancellation {unknown}
 A - 2 potions of mutation {unknown}
 B - 3 potions of haste {unknown}
 E - 3 potions of brilliance {unknown}
 O - a potion of lignification {unknown}
Books
 N - a book of Clouds

   Spells                             Type                      Level
   a - Poisonous Vapours              Poison/Air                   2
   b - Mephitic Cloud                 Conjuration/Poison/Air       3
   c - Conjure Flame                  Conjuration/Fire             3
   d - Freezing Cloud                 Conjuration/Ice/Air          6
   e - Ring of Flames                 Charms/Fire                  7
Comestibles
 f - 10 rations


   Skills:
 + Level 5.2 Fighting
 + Level 5.4 Short Blades
 - Level 12.0 Slings
 + Level 5.3 Armour
 + Level 6.2 Dodging
 - Level 2.1 Stealth
 + Level 5.3 Shields
 + Level 4.0 Evocations


You had 9 spell levels left.
You didn't know any spells.

Dungeon Overview and Level Annotations

Branches:
Dungeon (8/15)             Temple (1/1) D:7
   Lair: D:8-11

Altars:
Ashenzari
Cheibriados
Dithmenos
Elyvilon
Fedhas
Gozag
Hepliaklqana
Kikubaaqudgha
Makhleb
Nemelex Xobeh
Qazlal
Ru
Sif Muna
Trog
Uskayaw
Vehumet
Wu Jian
Xom
Yredelemnul
Zin
The Shining One

Shops:
D:6 }   D:8 :

Annotations:
D:8 Erica


Innate Abilities, Weirdness & Mutations

You are small and have problems with some larger weapons.
You are somewhat resistant to further mutation.


Message History

Cornered, the killer bee turns to fight!
You miss something. You puncture something! You closely miss something.
You hit something. Something hits you but does no damage.
You hit something but do no damage. Something hits you but does no damage.
You hit something. You hit something but do no damage.
You hear some strange, mumbled words.
Something tries to affect you, but you resist.
You closely miss something. You hit something.
You hear some strange, mumbled words.
Something tries to affect you, but you resist.
You hit something. You miss something.
You hear some strange, mumbled words.
An orb of energy appears from out of thin air!
The orb of energy hits you!
You die...

#...# #.#.<..#.###.## #
#...#####.#.....#.#.# #
#####...##.##........#.# .
#
......).(∩.((.........##...
#
..........(..Z.[..)........
#
..........Z(.#{......###...
# .####...##.###.#....## ..
# .# #...#### #y##.#.# # #
.####...### #y{@...# #
.##.....†.# ######.# ##
.##.#...#.# #.# #.####.
.##.##.##y####### #..
#.#.... .#........Z)....#
### #......
##.###.##...###.# #......
#.......##.# .......
#.......##.# ##....
....###...##.# ##._.


You could see 2 killer bees.

Vanquished Creatures
  Pikel (D:7)
  2 hippogriffs (D:7)
  The ghost of Evaline the Sneak, an amateur DsAs (D:4)
  Edmund (D:6)
  Duvessa (D:6)
  An orc warrior (D:6)
  2 ice beasts
  A sky beast (D:8)
  A slave (D:7)
  3 ogres
  The ghost of Evaline the Sneak, an amateur DsAs (D:3)
  6 centaurs
  A big kobold (D:7)
  A bullfrog (D:5)
  Dowan (D:6)
  A wyvern skeleton (D:6)
  5 killer bees
  4 crimson imps
  2 bullfrog zombies
  3 hounds
  An orc priest (D:7)
  Crazy Yiuf (D:3)
  A centaur zombie (D:7)
  3 jellies
  3 centaur skeletons
  2 bullfrog skeletons
  3 iguanas
  Terence (D:3)
  4 orc wizards
  3 worker ants
  A mummy (D:5)
  A worker ant zombie (D:6)
  Robin (D:3)
  4 gnolls (D:3)
  2 howler monkey skeletons
  10 adders
  A shadow imp (D:8)
  3 oozes
  2 adder zombies
  2 worms
  4 leopard geckos
  25 orcs
  9 bats
  8 giant cockroaches
  6 goblins
  12 hobgoblins
  A jackal (D:6)
  17 kobolds
  4 quokkas
  3 ball pythons
  10 frilled lizards
  2 jackal skeletons
  2 jackal zombies
  An orc zombie (Ossuary)
  A quokka zombie (D:6)
  6 rats
  A spectral orc (D:5)
200 creatures vanquished.

Vanquished Creatures (others)
  A bullfrog zombie (D:7)
1 creature vanquished.

Grand Total: 201 creatures vanquished

Notes
Turn   | Place    | Note
-------+----------+-------------------------------------------
     0 | D:1      | LevaFresel the Halfling Hunter began the quest for the Orb.
     0 | D:1      | Reached XP level 1. HP: 14/14 MP: 1/1
    64 | D:1      | Reached skill level 6 in Slings
    75 | D:1      | Reached XP level 2. HP: 19/19 MP: 2/2
   101 | D:1      | Reached skill level 1 in Short Blades
   357 | D:1      | Reached XP level 3. HP: 20/24 MP: 3/3
  1039 | D:2      | Reached XP level 4. HP: 16/29 MP: 4/4
  1265 | D:2      | Found a bloodstained altar of Trog.
  1710 | D:2      | Found a faded altar of an unknown god.
  1897 | D:3      | Noticed Robin
  1914 | D:2      | Reached skill level 7 in Slings
  2222 | D:3      | Reached XP level 5. HP: 31/35 MP: 5/5
  2238 | D:3      | Killed Robin
  2325 | D:3      | Reached skill level 1 in Armour
  2578 | D:3      | Noticed Evaline's ghost (amateur DsAs)
  2637 | D:3      | Killed Evaline's ghost
  2637 | D:3      | Reached skill level 1 in Shields
  2637 | D:3      | Reached XP level 6. HP: 35/41 MP: 6/6
  2866 | D:3      | Found a runed door.
  2870 | D:3      | Noticed Crazy Yiuf
  2909 | D:3      | Killed Crazy Yiuf
  3196 | D:3      | Reached skill level 8 in Slings
  3217 | D:3      | Noticed Terence
  3230 | D:3      | Killed Terence
  3251 | D:3      | Reached XP level 7. HP: 46/46 MP: 7/7
  3756 | D:4      | Noticed Evaline's ghost (amateur DsAs)
  3804 | D:4      | Killed Evaline's ghost
  4041 | D:4      | Found a shadowy altar of Dithmenos.
  4260 | D:5      | Entered Level 5 of the Dungeon
  4260 | D:5      | Found a glowing silver altar of Zin.
  4350 | D:5      | Reached skill level 9 in Slings
  4350 | D:5      | Reached XP level 8. HP: 32/52 MP: 8/8
  4411 | D:5      | Found a sand-covered staircase.
  4415 | Ossuary  | Entered an ossuary
  4538 | D:5      | Reached skill level 1 in Evocations
  4749 | D:5      | Found a basalt altar of Yredelemnul.
  5212 | D:6      | Noticed Duvessa
  5212 | D:6      | Noticed Dowan
  5243 | D:6      | Killed Duvessa
  5620 | D:6      | Reached skill level 10 in Slings
  5620 | D:6      | Reached XP level 9. HP: 53/58 MP: 10/10
  5638 | D:6      | Reached skill level 5 in Dodging
  5663 | D:6      | Killed Dowan
  5801 | D:6      | Found Epneusimim's Gadget Emporium.
  5801 | D:6      | Noticed Edmund
  5957 | D:6      | Killed Edmund
  6873 | D:7      | Reached skill level 11 in Slings
  7062 | D:7      | Found a burning altar of Makhleb.
  7127 | D:7      | Noticed a komodo dragon
  7143 | D:7      | Got a twisted great sword
  7320 | D:7      | Found a staircase to the Ecumenical Temple.
  7351 | Temple   | Entered the Ecumenical Temple
  7848 | D:7      | Noticed a hippogriff
  7863 | D:7      | Killed a hippogriff
  7919 | D:7      | Found an opulent altar of Gozag.
  7977 | D:7      | Found a sparkling altar of Nemelex Xobeh.
  8045 | D:7      | Noticed a hippogriff
  8061 | D:7      | Killed a hippogriff
  8061 | D:7      | Reached XP level 10. HP: 44/65 MP: 12/12
  8222 | D:7      | Found a radiant altar of Vehumet.
  8246 | D:7      | Noticed Pikel
  8267 | D:7      | Killed Pikel
  8267 | D:7      | Reached skill level 5 in Fighting
  8267 | D:7      | Reached skill level 5 in Short Blades
  8267 | D:7      | Reached skill level 5 in Armour
  8267 | D:7      | Reached skill level 5 in Shields
  8383 | D:7      | Found a stormy altar of Qazlal.
  8652 | D:8      | Found Mokhlaol's Book Boutique.
  8940 | D:8      | Reached skill level 12 in Slings
  8943 | D:8      | Found an ornate altar of the Wu Jian Council.
  8943 | D:8      | Found an opulent altar of Gozag.
  9255 | D:8      | Noticed Erica
  9329 | D:8      | Killed from afar by Erica

Skill      XL: |  1  2  3  4  5  6  7  8  9 10 |
---------------+-------------------------------+-----
Slings         | 6 7 8 9 10 11 12 | 12.0
Fighting       | 2 3 4 5 |  5.2
Short Blades   | 1 2 3 4 5 |  5.4
Dodging        | 3 4 5 6 |  6.2
Armour         | 1 2 3 4 5 |  5.3
Shields        | 1 2 3 4 5 |  5.3
Evocations     | 2 3 4 |  4.0
Stealth        | 2 |  2.1

Action                   |  1- 3 |  4- 6 |  7- 9 | 10-12 || total
-------------------------+-------+-------+-------+-------++-------
Melee: Short sword       |    80 |   247 |   388 |       ||   715
       Unarmed           |       |     4 |       |       ||     4
       Rapier            |       |       |   159 |   126 ||   285
 Fire: Hunting sling     |       |     8 |   137 |    58 ||   203
Throw: Stone             |       |    12 |       |       ||    12
  Use: Scroll            |       |     8 |    13 |     4 ||    25
       Potion            |       |       |       |     1 ||     1
 Stab: Sleeping          |     2 |       |       |       ||     2
  Eat: Chunk             |       |     2 |       |       ||     2
       Ration            |       |     2 |     5 |     1 ||     8
Armor: Leather armour    |    19 |     4 |       |       ||    23
       Chain mail        |       |   122 |   265 |    63 ||   450
Dodge: Dodged            |    55 |   121 |   218 |    77 ||   471
Block: Buckler           |       |    81 |   217 |    57 ||   355
